 Dungeon Crawl Stone Soup version 0.16.2-12-gd0ad4c3 (webtiles) character file.

41300 faibistes the Thaumaturge (level 13, -22/76 HPs)
             Began as a Deep Elf Wizard on Apr 9, 2019.
             Was the Champion of Sif Muna.
             Annihilated by a spiny frog (23 damage)
             ... on level 8 of the Lair of Beasts.
             The game lasted 01:29:26 (29087 turns).

faibistes the Thaumaturge (Deep Elf Wizard)        Turns: 29087, Time: 01:29:27

Health: -22/76     AC: 10    Str:  4      XL:     13   Next: 79%
Magic:  29/53      EV: 15    Int: 33 (36) God:    Sif Muna [******]
Gold:   1068       SH:  0    Dex:  8      Spells: 12 memorised, 1 level left

rFire  . . .     SeeInvis .     w - staff of power
rCold  . . .     Clarity  .     O - +0 robe of Plog {+Fly rElec rN+ Int+7 Dex-5}
rNeg   + . .     SustAb   .     (no shield)
rPois  +         Gourm    +     b - +1 hat
rElec  +         Spirit   .     q - +1 cloak
rCorr  .         Warding  .     L - +2 pair of gloves
rMut   .         Stasis   .     K - +1 pair of boots
MR     ++...                    P - amulet of the gourmand
Stlth  ++........               J - ring of poison resistance
                                j - ring of protection from magic

@: repel missiles, very resistant to hostile enchantments, unstealthy
A: no striking features
a: Channel Energy, Forget Spell, Renounce Religion, Evoke Flight


You were on level 8 of the Lair of Beasts.
You worshipped Sif Muna.
Sif Muna was exalted by your worship.
You were completely stuffed.

You visited 3 branches of the dungeon, and saw 19 of its levels.
You also visited: Sewer.

You collected 1068 gold pieces.

Inventory:

Hand weapons
 s - a +4 dagger of freezing
 I - a +0 falchion of holy wrath
 X - the +3 war axe "Lifebane" {pain, rF+ Str+7 Dex-2}
   (You found it on level 2 of the Lair of Beasts)

   In the hands of one skilled in necromantic magic, it inflicts extra damage on
   living creatures.
   It affects your strength (+7).
   It affects your dexterity (-2).
   It protects you from fire.
Armour
 b - a +1 hat (worn)
 q - a +1 cloak (worn)
 K - a +1 pair of boots (worn)
 L - a +2 pair of gloves (worn)
 O - the +0 robe of Plog (worn) {+Fly rElec rN+ Int+7 Dex-5}
   (You found it on level 6 of the Dungeon)

   It affects your intelligence (+7).
   It affects your dexterity (-5).
   It insulates you from electricity.
   It protects you from negative energy.
   It lets you fly.
Magical staves
 w - an uncursed staff of power (weapon)
Jewellery
 j - a ring of protection from magic (left hand)
 x - an uncursed ring of stealth
 B - an uncursed amulet of warding
 E - the ring of Pefegiuh {Ice Str+5 Int+4 Slay-2 Stlth+}
   (You found it on level 4 of the Dungeon)

   [ring of ice]

   It enhances your ice magic, and weakens your fire magic.
   It affects your strength (+5).
   It affects your intelligence (+4).
   It affects your accuracy and damage with ranged weapons and melee attacks
   (-2).
   It makes you vulnerable to fire.
   It protects you from cold.
   It makes you more stealthy.
 J - a ring of poison resistance (right hand)
 P - an amulet of the gourmand (around neck)
Magical devices
 c - a wand of lightning (5)
 e - a wand of slowing (15)
 k - a wand of draining (2)
 u - a wand of hasting (1)
 C - a wand of enslavement (18)
 G - a wand of polymorph (18)
 H - a wand of flame (10)
 M - a wand of confusion (13)
 W - a wand of digging (9)
Scrolls
 g - 2 scrolls of recharging
 i - 4 scrolls of teleportation
 y - 10 scrolls of remove curse
 A - 3 scrolls of fear
 F - 3 scrolls of fog
 N - 3 scrolls of identify
 U - a scroll of immolation
 V - 2 scrolls of blinking
 Z - 2 scrolls of magic mapping
Potions
 a - 4 potions of cancellation
 f - 5 potions of agility
 l - 3 potions of heal wounds
 m - 8 potions of curing
 n - a potion of resistance
 p - 4 potions of haste
 r - 2 potions of magic
 t - 2 potions of might
 v - 3 potions of flight
 Y - 2 potions of restore abilities
Books
 R - Sif Muna's Collected Works on Unstable Clay
   (Sif Muna gifted it to you on level 8 of the Lair of Beasts)

   Spells                             Type                      Level
   a - Sandblast                      Earth                        1
   b - Teleport Other                 Translocation                3
   c - Petrify                        Transmutation/Earth          4
   d - Bolt of Magma                  Conjuration/Fire/Earth       5
   e - Malign Gateway                 Summoning/Translocation      7
Miscellaneous
 S - a lamp of fire
Comestibles
 d - 9 bread rations
 h - 11 chunks of flesh
 o - 6 meat rations
 Q - 2 royal jellies


   Skills:
 + Level 7.3 Fighting
 + Level 9.6 Dodging
 - Level 2.4 Stealth
 * Level 14.4 Spellcasting
 * Level 7.5 Conjurations
 + Level 6.6 Charms
 - Level 3.8 Summonings
 + Level 5.9 Translocations
 * Level 1.0 Transmutations
 * Level 7.5 Fire Magic
 - Level 4.0 Ice Magic
 - Level 3.9 Air Magic
 * Level 6.9 Earth Magic
 - Level 1.0 Poison Magic
 * Level 7.7 Invocations
 + Level 8.5 Evocations


You had one spell level left.
You knew the following spells:

 Your Spells              Type           Power        Failure   Level  Hunger
a - Magic Dart            Conj           ####         1%          1    None
b - Conjure Flame         Conj/Fire      ######..     1%          3    None
c - Summon Ice Beast      Ice/Summ       ######..     3%          4    None
d - Blink                 Tloc           N/A          1%          2    None
e - Mephitic Cloud        Conj/Pois/Air  ######..     1%          3    None
f - Repel Missiles        Chrm/Air       ######       1%          2    None
g - Summon Lightning Spi  Summ/Air       #####...     3%          4    None
h - Call Imp              Summ           #####...     1%          2    None
i - Summon Forest         Summ/Tloc      ######....   8%          5    None
j - Petrify               Trmt/Erth      ######..     3%          4    None
v - Bolt of Magma         Conj/Fire/Erth ######....   2%          5    None
x - Force Lance           Conj/Tloc      ######..     1%          4    None


Dungeon Overview and Level Annotations

Branches:
Dungeon (10/15)            Temple (1/1) D:6            Lair (8/8) D:9
  Swamp (0/5) Lair:3        Snake (0/5) Lair:4        Slime (0/6) Lair:8
    Orc (0/4) D:9

Altars:
Ashenzari
Cheibriados
Dithmenos
Elyvilon
Fedhas
Gozag
Kikubaaqudgha
Makhleb
Nemelex Xobeh
Okawaru
Qazlal
Ru
Sif Muna
Trog
Vehumet
Xom
Yredelemnul
Zin
The Shining One

Shops:
D:5 *


Message History

The bolt of magma hits the fire crab.
The fire crab partially resists.
You kill the fire crab!
Your Transmutations skill increases to level 1!
The bolt of magma misses the spiny frog.
You are engulfed in roaring flames.
* * * LOW HITPOINT WARNING * * *
Unknown command.
Casting: Bolt of Magma
Confirm with . or Enter, or press ? or * to list all spells.
Aiming: Bolt of Magma
Press: ? - help, Shift-Dir - straight line, f - spiny frog
Aim: a spiny frog (flame)
The bolt of magma misses the spiny frog.
The bolt of magma hits the manticore.
The manticore is moderately wounded.
You are engulfed in roaring flames.
* * * LOW HITPOINT WARNING * * *
The spiny frog is engulfed in roaring flames.
The spiny frog stings you!!
You die...

. #......######
....### #...÷...##
......# #........#
....P# #........#
###....###........# #
.H..... #........#.#
#..§. #.....#....#
#.F§########...#####
###§@§#...##..#.....#
#..§§§#...##.....÷.##
#.....#...#..........
#.....#.##.........##
#.P.........#.#.#..#
###.............#..##
#........##...##..# ♣
##.P.....##...#.P## #
####.P.##########


You could see a manticore and a spiny frog.

Vanquished Creatures
  Rupert (Lair:4)
  Snorg (Lair:3)
  5 hydras
  2 catoblepae (Lair:4)
  A fire crab (Lair:8)
  A griffon (Lair:8)
  9 elephants
  A black mamba (Lair:4)
  A torpor snail (Lair:2)
  A queen ant (Lair:3)
  10 spiny frogs
  5 fire drakes
  2 komodo dragons
  A polar bear (Lair:6)
  Prince Ribbit (D:6)
  18 blink frogs
  2 basilisks
  32 yaks
  3 wyverns
  3 humans (Lair:6)
  2 hungry ghosts
  4 wolves
  9 hippogriffs
  Edmund (D:8)
  A soldier ant (Lair:3)
  2 nagas (Lair:4)
  6 porcupines
  10 water moccasins
  An eye of draining (D:9)
  9 ice beasts
  3 ogres (D:6)
  2 orc warriors
  3 phantoms (D:6)
  A black bear (D:7)
  8 centaurs
  Sigmund (D:6)
  4 big kobolds
  15 crocodiles
  A boring beetle (Lair:7)
  A brain worm (Lair:8)
  18 giant frogs
  3 scorpions
  4 goliath beetles
  5 electric eels
  4 crimson imps
  3 centaur skeletons
  8 orc wizards
  3 giant frog skeletons (D:6)
  A jelly (D:3)
  2 orc priests (D:4)
  13 worker ants
  12 hounds
  Natasha (thrice) (D:6)
  13 iguanas
  6 sheep
  Jessica (D:2)
  A hound skeleton (D:7)
  A hound zombie (D:7)
  Robin (D:2)
  11 river rats
  A worker ant zombie (D:6)
  28 adders
  5 gnolls
  3 giant mites
  A white imp (Lair:3)
  A worm (D:6)
  2 adder zombies
  An adder skeleton (D:4)
  3 giant geckos
  3 oozes
  30 orcs
  17 bats
  16 hobgoblins
  14 jackals
  30 kobolds
  13 quokkas
  4 ball pythons
  5 giant cockroaches
  11 giant newts
  A giant spore (D:6)
  24 goblins
  A quokka skeleton (D:4)
  15 rats
  A spectral orc (D:5)
  8 ballistomycetes (D:6)
  A butterfly (Lair:7)
536 creatures vanquished.

Vanquished Creatures (collateral kills)
  An elephant (Lair:6)
  2 black mambas
  A torpor snail (Lair:1)
  6 blink frogs
  6 yaks (Lair:3)
  2 humans (Lair:6)
  A wyvern (D:9)
  9 wolves
  2 nagas (Lair:4)
  3 water moccasins
  3 soldier ants (Lair:3)
  3 porcupines
  2 black bears (Lair:8)
  A crocodile (Lair:8)
  5 giant frogs
  2 big kobolds
  A scorpion (D:8)
  An electric eel (Lair:3)
  A crimson imp (D:9)
  3 hounds
  13 worker ants (Lair:3)
  9 sheep
  5 adders
  33 river rats
  A giant cockroach (D:3)
  2 goblins
  2 hobgoblins (D:1)
  5 jackals (Lair:8)
  2 quokkas
  6 kobolds
  A rat (D:1)
  7 fungi
  9 plants
  A snaplasher vine (Lair:4)
151 creatures vanquished.

Vanquished Creatures (others)
  2 ice beasts (Lair:8)
  4 lightning spires
  A worker ant (Lair:3)
  A shadow imp (D:3)
  A white imp (D:7)
  A giant spore (D:6)
  25 fungi
  17 plants
  3 snaplasher vines
  565 snaplasher vine segments
620 creatures vanquished.

Grand Total: 1307 creatures vanquished

Notes
Turn   | Place    | Note
--------------------------------------------------------------
     0 | D:1      | faibistes, the Deep Elf Wizard, began the quest for the Orb.
     0 | D:1      | Reached XP level 1. HP: 10/10 MP: 6/6
   361 | D:1      | Reached XP level 2. HP: 13/15 MP: 1/9
   434 | D:1      | Learned a level 2 spell: Blink
   437 | D:1      | Learned a level 2 spell: Call Imp
  1067 | D:1      | Reached XP level 3. HP: 15/19 MP: 9/13
  1072 | D:1      | Learned a level 3 spell: Conjure Flame
  1076 | D:1      | Learned a level 3 spell: Mephitic Cloud
  1222 | D:1      | Reached skill level 5 in Spellcasting
  1896 | D:2      | Noticed Jessica
  1902 | D:2      | Killed Jessica
  1902 | D:2      | Reached XP level 4. HP: 24/24 MP: 7/17
  2001 | D:2      | Noticed Robin
  2011 | D:2      | Killed Robin
  2462 | D:3      | Learned a level 2 spell: Repel Missiles
  2592 | D:3      | Found a glowing drain.
  2628 | D:3      | Reached skill level 6 in Spellcasting
  2645 | Sewer    | Entered a sewer
  2755 | Sewer    | Reached XP level 5. HP: 24/28 MP: 10/20
  3098 | Sewer    | Noticed a big kobold
  3098 | Sewer    | Noticed a big kobold
  3098 | Sewer    | Noticed a big kobold
  3098 | Sewer    | Noticed a big kobold
  3108 | Sewer    | Killed a big kobold
  3270 | Sewer    | Killed a big kobold
  3409 | Sewer    | Killed a big kobold
  3409 | Sewer    | Reached XP level 6. HP: 32/32 MP: 13/22
  3514 | Sewer    | Killed a big kobold
  3514 | Sewer    | Reached skill level 7 in Spellcasting
  3642 | D:4      | Found a stormy altar of Qazlal.
  4322 | D:4      | Found a sparkling altar of Nemelex Xobeh.
  4530 | D:2      | Found a white marble altar of Elyvilon.
  4536 | D:2      | Reached XP level 7. HP: 37/37 MP: 21/25
  5010 | D:2      | Found a snail-covered altar of Cheibriados.
  5016 | D:2      | Found an iron altar of Okawaru.
  5135 | D:4      | Reached skill level 1 in Evocations
  5290 | D:5      | Entered Level 5 of the Dungeon
  5332 | D:4      | Reached skill level 1 in Fighting
  5753 | D:4      | Reached skill level 5 in Dodging
  5818 | D:4      | Got a fine silver ring
  5833 | D:4      | Identified the ring of Pefegiuh {Ice Str+5 Int+4 Slay-2 Stlth+} (You found it on level 4 of the Dungeon)
  6119 | D:5      | Reached skill level 8 in Spellcasting
  6604 | D:5      | Found an iron altar of Okawaru.
  6881 | D:5      | Found Seidwev's General Store.
  7219 | D:5      | Found a basalt altar of Yredelemnul.
  7291 | D:5      | Reached XP level 8. HP: 45/45 MP: 23/27
  7495 | D:6      | Noticed Sigmund
  7645 | D:6      | Noticed Natasha
  7663 | D:6      | Noticed Prince Ribbit
  7673 | D:6      | Killed Prince Ribbit
  7673 | D:6      | Reached skill level 9 in Spellcasting
  7932 | D:6      | Killed Sigmund
  8355 | D:6      | Reached XP level 9. HP: 48/52 MP: 17/30
  8451 | D:6      | Killed Natasha
  8520 | D:6      | Reached skill level 10 in Spellcasting
  8544 | D:6      | Noticed Natasha
  8557 | D:6      | Killed Natasha
  8634 | D:6      | Found a glowing silver altar of Zin.
  8661 | D:6      | Found a burning altar of Makhleb.
  8672 | D:6      | Found an ancient bone altar of Kikubaaqudgha.
  8673 | D:6      | Found a radiant altar of Vehumet.
  8673 | D:6      | Found a shimmering altar of Xom.
  8930 | D:6      | Noticed Natasha
  8931 | D:6      | Reached skill level 5 in Evocations
  8932 | D:6      | Killed Natasha
  9178 | D:6      | Got a wizard robe
  9203 | D:6      | Found a staircase to the Ecumenical Temple.
  9209 | Temple   | Entered the Ecumenical Temple
  9527 | D:7      | Reached skill level 5 in Fighting
  9939 | D:7      | Reached skill level 11 in Spellcasting
 10657 | D:7      | Identified the +0 robe of Plog {+Fly rElec rN+ Int+7 Dex-5} (You found it on level 6 of the Dungeon)
 11739 | D:8      | Found an opulent altar of Gozag.
 11739 | D:8      | Found a blossoming altar of Fedhas.
 11797 | D:9      | Found a deep blue altar of Sif Muna.
 11801 | D:9      | Found a staircase to the Orcish Mines.
 11801 | D:9      | Noticed Edmund
 12178 | D:8      | Killed Edmund
 12178 | D:8      | Reached XP level 10. HP: 53/60 MP: 13/32
 12354 | D:9      | Became a worshipper of Sif Muna the Loreminder
 12385 | D:10     | Entered Level 10 of the Dungeon
 12586 | D:9      | Found a staircase to the Lair.
 12832 | D:10     | Reached skill level 1 in Fire Magic
 12837 | D:10     | Reached skill level 1 in Air Magic
 12866 | D:10     | Reached skill level 5 in Conjurations
 12866 | D:10     | Reached skill level 1 in Poison Magic
 13045 | D:9      | Learned a level 4 spell: Summon Lightning Spire
 13050 | D:9      | Learned a level 4 spell: Summon Ice Beast
 13481 | Lair:1   | Entered Level 1 of the Lair of Beasts
 13494 | Lair:1   | Acquired Sif Muna's first power
 13710 | Lair:1   | Reached skill level 1 in Ice Magic
 13830 | Lair:1   | Found a frozen archway.
 13950 | Lair:1   | Reached skill level 1 in Invocations
 14100 | Lair:1   | Reached skill level 12 in Spellcasting
 14320 | Lair:2   | Reached skill level 1 in Charms
 14343 | Lair:2   | Learned a level 3 spell: Stone Arrow
 14349 | Lair:2   | Learned a level 5 spell: Summon Forest
 14407 | Lair:1   | Learned a level 4 spell: Force Lance
 14622 | Lair:1   | Acquired Sif Muna's second power
 14622 | Lair:1   | Reached skill level 1 in Earth Magic
 15322 | Lair:2   | Reached XP level 11. HP: 61/65 MP: 0/34
 16298 | Lair:2   | Got a bloodstained war axe
 16300 | Lair:2   | Identified the +3 war axe "Lifebane" {pain, rF+ Str+7 Dex-2} (You found it on level 2 of the Lair of Beasts)
 16930 | Lair:2   | Found a burning altar of Makhleb.
 17957 | Lair:3   | Identified a scroll of acquirement
 17966 | Lair:3   | Noticed a black mamba
 17981 | Lair:3   | Killed a black mamba
 18450 | Lair:3   | Found a burning altar of Makhleb.
 18646 | Lair:3   | Noticed Snorg
 18657 | Lair:3   | Killed Snorg
 18991 | Lair:3   | Noticed a four-headed hydra
 18999 | Lair:3   | Killed a four-headed hydra
 20171 | Lair:3   | Found a staircase to the Swamp.
 20454 | Lair:3   | Reached XP level 12. HP: 64/71 MP: 16/35
 20918 | Lair:3   | Reached skill level 13 in Spellcasting
 21131 | Lair:3   | Reached skill level 5 in Earth Magic
 21368 | Lair:4   | Noticed Rupert
 21379 | Lair:4   | Paralysed by Rupert for 2 turns
 21386 | Lair:4   | Killed Rupert
 21386 | Lair:4   | Reached skill level 5 in Invocations
 21993 | Lair:6   | Acquired Sif Muna's third power
 22100 | Lair:4   | Found a staircase to the Snake Pit.
 22129 | Lair:4   | Noticed a catoblepas
 22153 | Lair:4   | Killed a catoblepas
 22153 | Lair:4   | Reached skill level 5 in Fire Magic
 22404 | Lair:4   | Noticed a catoblepas
 22414 | Lair:4   | Killed a catoblepas
 22414 | Lair:4   | Reached skill level 5 in Translocations
 22664 | Lair:4   | Noticed a five-headed hydra
 22671 | Lair:4   | Killed a five-headed hydra
 24222 | Lair:6   | Noticed a six-headed hydra
 24232 | Lair:6   | Killed a six-headed hydra
 24233 | Lair:6   | Reached skill level 5 in Charms
 24233 | Lair:6   | Reached XP level 13. HP: 76/76 MP: 32/36
 25474 | Lair:7   | Reached skill level 14 in Spellcasting
 25649 | Lair:8   | Entered Level 8 of the Lair of Beasts
 27894 | Lair:8   | Found a staircase to the Slime Pits.
 28529 | Lair:8   | Received a gift from Sif Muna
 28530 | Lair:8   | Identified Sif Muna's Collected Works on Unstable Clay (Sif Muna gifted it to you on level 8 of the Lair of Beasts)
 28543 | Lair:8   | Learned a level 5 spell: Bolt of Magma
 28550 | Lair:8   | Learned a level 4 spell: Petrify
 29086 | Lair:8   | Reached skill level 1 in Transmutations
 29087 | Lair:8   | HP: 1/76 [something (19)]
 29087 | Lair:8   | Annihilated by a spiny frog

Action                   |  1- 3 |  4- 6 |  7- 9 | 10-12 | 13-15 || total
-------------------------+-------+-------+-------+-------+-------++-------
Melee: Dagger            |       |     7 |   193 |    21 |       ||   221
       War axe           |       |       |       |    38 |       ||    38
       Staff             |       |       |       |     7 |     6 ||    13
 Cast: Magic Dart        |    89 |   171 |   551 |   267 |    16 ||  1094
       Call Imp          |     5 |    13 |     9 |     3 |     1 ||    31
       Mephitic Cloud    |     1 |    13 |    39 |    48 |     8 ||   109
       Repel Missiles    |       |     2 |     4 |     1 |       ||     7
       Conjure Flame     |       |     1 |    45 |    89 |    31 ||   166
       Blink             |       |       |     5 |     3 |       ||     8
       Force Lance       |       |       |       |   126 |    92 ||   218
       Summon Lightning  |       |       |       |    21 |     2 ||    23
       Stone Arrow       |       |       |       |    49 |    83 ||   132
       Summon Forest     |       |       |       |     7 |     3 ||    10
       Summon Ice Beast  |       |       |       |     4 |     7 ||    11
       Bolt of Magma     |       |       |       |       |    22 ||    22
Invok: Channel Energy    |       |       |       |    30 |    30 ||    60
Evoke: Wand              |       |       |     2 |     1 |       ||     3
       Lamp of fire      |       |       |       |     1 |       ||     1
  Use: Scroll            |     1 |     9 |    11 |    12 |     7 ||    40
       Potion            |       |       |     2 |     3 |     1 ||     6
 Stab: Sleeping          |       |       |     2 |       |       ||     2
       Confused          |       |       |     5 |     4 |       ||     9
       Distracted        |       |       |     1 |       |       ||     1
  Eat: Chunk             |     3 |     8 |    23 |    54 |    19 ||   107
       Meat ration       |       |       |       |     1 |       ||     1
